 Dungeon Crawl Stone Soup version 0.29.1-13-g9f3cf754e1 (webtiles) character file.

Game seed: 10812534327613195674

57 cdecastro the Changer (level 4, -1/31 (32) HPs)
             Began as a Merfolk Transmuter on Jan 21, 2023.
             Slain by an orc
             ... wielding a +0 dagger
              (3 damage)
             ... on level 3 of the Dungeon.
             The game lasted 00:04:35 (2473 turns).

cdecastro the Changer (Merfolk Transmuter)          Turns: 2473, Time: 00:04:36

HP:   -1/31 (32)    AC:  2    Str: 10    XL:     4   Next: 0%
MP:   4/7           EV: 12    Int: 14    God:
Gold: 88            SH:  0    Dex: 14    Spells: 1/7 levels left

rFire   . . .      SeeInvis .     - Unarmed
rCold   . . .      Faith    .   (no shield)
rNeg    . . .      Spirit   .   a - +0 robe
rPois   .          Reflect  .   (helmet currently unavailable)
rElec   .          Harm     .   (no cloak)
rCorr   .          Rampage  .   (no gloves)
Will    .....                   (boots currently unavailable)
Stlth   +.........              (no amulet)
HPRegen 0.10/turn               f - ring of wizardry
MPRegen 0.10/turn               (no ring)

@: appendages, wereblooded, lightly drained
A: horns 2, (nimble swimmer 2), mertail
a: End Transformation


You were on level 3 of the Dungeon.
You had temporarily grown beastly horns.
You visited 1 branch of the dungeon, and saw 3 of its levels.

You collected 88 gold pieces.

Inventory:

Hand Weapons
 j - a +2 vampiric broad axe
 k - a +2 short sword of draining
Missiles
 l - 3 poisoned darts
Armour
 a - a +0 robe (worn)
 c - a +0 leather armour
Jewellery
 f - a ring of wizardry (left hand)
Wands
 i - a wand of iceblast (4)
Scrolls
 g - a scroll of teleportation {unknown}
 h - a scroll of brand weapon {unknown}
 m - a scroll of identify {unknown}
Potions
 b - 2 potions of lignification
 d - a potion of mutation {unknown}
 e - a potion of degeneration {unknown}


   Skills:
 - Level 1.1 Fighting
 - Level 2.6 Dodging
 - Level 3.2 Unarmed Combat
 - Level 2.0 Spellcasting
 + Level 5.5 Transmutations


You had one spell level left.
You knew the following spells:

 Your Spells              Type           Power      Damage    Failure   Level
a - Beastly Appendage     Tmut           32%        N/A       1%          1
b - Wereblood             Tmut           16%        N/A       1%          2
c - Spider Form           Tmut/Pois      9%         N/A       9%          3

Your spell library contained the following spells:

 Spells                   Type           Power      Damage    Failure   Level
 Passwall                 Tmut/Erth      7%         N/A       4%          2
 Ensorcelled Hibernation  Hex/Ice        2%         N/A       14%         2
 Swiftness                Air            1%         N/A       26%         3
 Ice Form                 Ice/Tmut       9%         N/A       28%         4


Dungeon Overview and Level Annotations

Branches:
Dungeon (3/15)

Altars:


Innate Abilities, Weirdness & Mutations

You have temporarily grown beastly horns.
((You are very nimble when in or above water. (Stealth+, EV+, Speed+++)))
Your lower body shifts to a powerful aquatic tail in water.


Message History

You miss the adder. You headbutt the adder.
You kill the adder!
The goblin shoots a sling bullet.
The sling bullet hits you but does no damage.
The orc hits you with a +0 falchion!
* * * LOW HITPOINT WARNING * * *
The goblin unwields a +0 sling.
The goblin wields a +0 dagger.
The goblin hits you but does no damage.
Items here: ( )) [.
You closely miss the goblin. Your headbutt misses the goblin.
The orc hits you with a +0 falchion.
* * * LOW HITPOINT WARNING * * *
You hit the goblin but do no damage. The goblin barely misses you.
The orc closely misses you.
Unknown command.
The goblin attacks as you move away! The goblin barely misses you.
You hit the goblin.
You kill the goblin!
Your horns disappear.
You have reached level 4!
Casting: Beastly Appendage (safe; 1% risk of failure)
Confirm with . or Enter, or press ? or * to list all spells.
Your blood is infused with primal strength.
The orc misses you.
Unknown command.
Casting: Wereblood (safe; 1% risk of failure)
Confirm with . or Enter, or press ? or * to list all spells.
You grow a pair of large bovine horns.
The orc hits you with a +0 dagger.
* * * LOW HITPOINT WARNING * * *
Unknown command.
You hit the orc but do no damage. The orc hits you with a +0 dagger.
* * * LOW HITPOINT WARNING * * *
You hit the orc but do no damage. The orc hits you with a +0 dagger.
* * * LOW HITPOINT WARNING * * *
You hit the orc but do no damage. You headbutt the orc, but do no damage.
Unknown command.
You hit the orc.
The orc is almost dead.
The orc hits you with a +0 dagger.
You die...

###### ##..... ##......
#.......
##########.......
#.......##.......
#.......##.......
#########.......##.......
#.....oo@................
.......##.......##.......
....... #...[...##>......
....... #...............<
..>.... #####.####.......
?...... #.# #......P
.....?. #.# ##...P.P
......? ..# ##..PP~ .
###.~≈


You could see 2 orcs.

Vanquished Creatures
  An adder (D:3)
  A dart slug (D:1)
  2 orcs (D:3)
  3 ball pythons (D:2)
  2 endoplasms
  3 giant cockroaches
  4 hobgoblins
  4 jackals (D:2)
  2 quokkas (D:1)
  2 bats (D:1)
  3 frilled lizards
  7 goblins
  4 kobolds
  A rat (D:2)
39 creatures vanquished.

Vanquished Creatures (others)
  6 plants (D:3)
6 creatures vanquished.

Grand Total: 45 creatures vanquished

Notes
Turn   | Place    | Note
-------+----------+-------------------------------------------
     0 | D:1      | cdecastro the Merfolk Transmuter began the quest for the
                  | Orb.
     0 | D:1      | Reached XP level 1. HP: 15/15 MP: 3/3
     3 | D:1      | You fall into a shaft and drop 1 floor!
    33 | D:1      | Reached skill level 3 in Transmutations
   215 | D:1      | Reached XP level 2. HP: 14/21 MP: 3/5
   430 | D:1      | Reached skill level 4 in Transmutations
   442 | D:1      | Learned a level 2 spell: Wereblood
  1175 | D:2      | Reached XP level 3. HP: 26/26 MP: 4/6
  1555 | D:2      | Found a faded altar of an unknown god.
  2014 | D:2      | Reached skill level 5 in Transmutations
  2313 | D:2      | Learned a level 3 spell: Spider Form
  2468 | D:3      | Reached XP level 4. HP: 8/31 MP: 7/7
  2473 | D:3      | Slain by an orc

Illustrated notes

Levels and vault maps discovered:
D:1:      dpeg_arrival_windows_large_door, layout_rooms
D:2:      layout_basic, shapermc_ecumenical_altar_petra, corexii_shack,
          roderic_lattice_a
D:3:      layout_rooms, trog_three_pillars_becter, mainiacjoe_overflow_alcove_1,
          serial_bayou, serial_bayou_ford_a, serial_bayou_shore_b,
          serial_bayou_lagoon_a, serial_bayou_crossing, uniq_robin, uniq_pargi,
          uniq_terence

Skill      XL: |  1  2  3 |
---------------+----------+-----
Transmutations | 3 4 5 |  5.5
Fighting       | |  1.1
Dodging        | |  2.6
Unarmed Combat | |  3.2
Spellcasting   | |  2.0

Action                   |  1- 3 |  4- 6 || total
-------------------------+-------+-------++-------
Melee: Unarmed           |   115 |     4 ||   119
       Headbutt          |    11 |     1 ||    12
       Punch             |     2 |       ||     2
 Cast: Beastly Appendage |    24 |     1 ||    25
       Wereblood         |       |     1 ||     1
 Stab: Sleeping          |     1 |       ||     1
Armor: Robe              |    22 |       ||    22
Dodge: Dodged            |    84 |     1 ||    85
